 Dungeon Crawl Stone Soup version 0.23.0-3-gf3c87f2df8 (webtiles) character file.

Game seed: 10831490789272982362

12450 DildoBatman the Covert (level 11, -6/72 HPs)
             Began as an Octopode Wizard on Feb 24, 2019.
             Was a High Priest of Kikubaaqudgha.
             Mangled by a six-headed hydra (12 damage)
             ... on level 11 of the Dungeon.
             The game lasted 00:59:54 (12834 turns).

DildoBatman the Covert (Octopode Wizard)           Turns: 12834, Time: 00:59:55

Health: -6/72      AC:  3    Str:  7    XL:     11   Next: 93%
Magic:  6/20       EV: 13    Int: 22    God:    Kikubaaqudgha [*****.]
Gold:   296        SH:  0    Dex: 10    Spells: 3/20 levels left

rFire    . . .     SeeInvis +   a - +5 hunting sling (flame)
rCold    . . .     Gourm    .   (no shield)
rNeg     . . .     Faith    +   w - +2 hat
rPois    +         Spirit   .   y - amulet of faith
rElec    .         Reflect  .   d - ring of see invisible
rCorr    .         Harm     .   J - ring of poison resistance
MR       .....                  (no ring)
Stlth    +++++.....             (no ring)
HPRegen  0.22/turn              (no ring)
MPRegen  0.17/turn              (no ring)
                                (no ring)
                                (no ring)

@: very slightly contaminated, studying Fire Magic
A: almost no armour, stealthy swim, amphibious, 8 rings, constrict 8, antennae
1, camouflage 1, dopey 1, high mp 1, gelatinous body 1
a: Receive Corpses, Torment, Renounce Religion


You were on level 11 of the Dungeon.
You worshipped Kikubaaqudgha.
Kikubaaqudgha was extremely pleased with you.
You were very hungry.

You visited 2 branches of the dungeon, and saw 12 of its levels.

You collected 614 gold pieces.
You spent 318 gold pieces at shops.

Inventory:

Hand Weapons
 a - a +5 hunting sling of flaming (weapon)
 b - a +1 trident of venom
 c - a +2 whip of electrocution
 f - a +2 dagger of venom
 k - a +2 dagger of holy wrath
Missiles
 g - 225 stones (quivered)
 i - 32 bolts
 j - 59 sling bullets
 l - 287 arrows
 m - 13 poisoned needles
 s - 6 javelins of penetration
 H - a throwing net
 Q - 3 tomahawks
Armour
 w - a +2 hat (worn)
Magical Staves
 D - an uncursed staff of conjuration {unknown}
 O - an uncursed staff of cold
Jewellery
 d - a ring of see invisible (left tentacle)
 y - an amulet of faith (around mantle)
 J - a ring of poison resistance (right tentacle)
Wands
 o - a wand of flame (12)
 E - a wand of iceblast (14)
 F - a wand of scattershot (6)
 N - a wand of paralysis (4)
Scrolls
 n - 4 scrolls of immolation
 p - 2 scrolls of teleportation
 r - 5 scrolls of amnesia
 x - 4 scrolls of remove curse
 z - 6 scrolls of identify
 A - 2 scrolls of enchant weapon {unknown}
 C - 2 scrolls of magic mapping
 G - 3 scrolls of enchant armour
 I - 2 scrolls of vulnerability {unknown}
 M - a scroll of holy word {unknown}
 P - a scroll of blinking {unknown}
Potions
 e - a potion of berserk rage {unknown}
 q - a potion of haste {unknown}
 t - 5 potions of curing
 u - 2 potions of lignification {unknown}
 B - a potion of invisibility {unknown}
 K - 2 potions of ambrosia {unknown}
Books
 L - a manual of Fire Magic
Miscellaneous
 h - a box of beasts
Comestibles
 v - 23 rations


   Skills:
 - Level 6.0 Fighting
 - Level 2.2 Polearms
 - Level 5.1 Slings
 - Level 2.0 Dodging
 - Level 8.1 Stealth
 - Level 5.2 Spellcasting
 - Level 5.0 Conjurations
 * Level 3.1 Charms
   Level 1.0 Summonings
 * Level 7.2 Necromancy
 - Level 1.0 Translocations
 - Level 8.0 Fire Magic
 * Level 3.0 Ice Magic
 - Level 4.1 Air Magic
 - Level 8.0 Poison Magic
 * Level 5.1 Evocations


You had 3 spell levels left.
You knew the following spells:

 Your Spells              Type           Power        Failure   Level  Hunger
a - Conjure Flame         Conj/Fire      ####....     1%          3    ##.....
b - Ozocubu's Armour      Chrm/Ice       ###.....     9%          3    ##.....
c - Magic Dart            Conj           ####         1%          1    None
d - Borgnjor's Vile Clut  Necr/Erth      ###.......   52%         5    #####..
e - Mephitic Cloud        Conj/Pois/Air  ####....     2%          3    ##.....
g - Blink                 Tloc           N/A          10%         2    None

Your spell library contained the following spells:

 Spells                   Type           Power        Failure   Level  Hunger
 Animate Skeleton         Necr           N/A          1%          1    None
 Pain                     Necr           ####         1%          1    None
 Searing Ray              Conj           ####..       1%          2    None
 Sublimation of Blood     Necr           #####.....   1%          2    None
 Vampiric Draining        Necr           #####.....   1%          3    ##.....
 Freeze                   Ice            ###.         2%          1    None
 Throw Frost              Conj/Ice       ###...       2%          2    None
 Confusing Touch          Hex            #.....       10%         1    None
 Call Imp                 Summ           ##......     10%         2    None
 Dazzling Spray           Conj/Hex       ###...       11%         3    ##.....
 Slow                     Hex            #.......     16%         2    None
 Gell's Gravitas          Tloc           ##........   21%         3    ##.....
 Confuse                  Hex            #.......     30%         3    ##.....
 Animate Dead             Necr           N/A          4%          4    ####...
 Iskenderun's Mystic Bla  Conj           ####....     13%         4    ####...
 Agony                    Necr           #####...     14%         5    #####..
 Dispel Undead            Necr           #####...     14%         5    #####..
 Throw Icicle             Conj/Ice       ###.....     19%         4    ####...
 Force Lance              Conj/Tloc      ###.....     28%         4    ####...
 Fulminant Prism          Conj/Hex       ###.......   34%         4    ####...
 Summon Ice Beast         Ice/Summ       ##......     38%         4    ####...
 Petrify                  Tmut/Erth      #.......     69%         4    ####...
 Metabolic Englaciation   Hex/Ice        ##........   82%         5    #####..
 Simulacrum               Ice/Necr       ####......   88%         6    #######
 Yara's Violent Unravell  Hex/Tmut       #.........   95%         5    #####..


Dungeon Overview and Level Annotations

Branches:
Dungeon (11/15)            Temple (1/1) D:6            Lair (0/6) D:8
    Orc (0/2) D:10

Altars:
Ashenzari
Cheibriados
Dithmenos
Elyvilon
Fedhas
Gozag
Hepliaklqana
Kikubaaqudgha
Makhleb
Nemelex Xobeh
Okawaru
Qazlal
Ru
Sif Muna
Trog
Uskayaw
Vehumet
Wu Jian
Xom
Yredelemnul
Zin
The Shining One
Beogh

Shops:
D:4 !=[*}   D:6 *

Annotations:
D:11 Nergalle


Innate Abilities, Weirdness & Mutations

You cannot wear most types of armour.
You are very stealthy in the water. (Stealth+)
You are amphibious.
You can wear up to eight rings at the same time.
You can use your tentacles to constrict eight enemies at once.
Your skin changes colour to match your surroundings (Stealth+).
Your rubbery body absorbs attacks. (AC +1, EV +1)
You have a pair of small antennae on your head.
You are dopey. (Int -2)
You have an increased reservoir of magic. (+10% MP)


Message History

Firing (i - inventory. (/) - cycle)
g - 227 stones (quivered)
Press: ? - help, Shift-Dir - straight line, f - six-headed hydra
Aim: a six-headed hydra (flame, heavily wounded)
You shoot a stone.
The stone barely misses the six-headed hydra.
The six-headed hydra is engulfed in blazing flames.
The six-headed hydra bites you but does no damage.
The six-headed hydra misses you. The six-headed hydra bites you! x2
The six-headed hydra closely misses you.
The six-headed hydra bites you!
Firing (i - inventory. (/) - cycle)
g - 226 stones (quivered)
Press: ? - help, Shift-Dir - straight line, f/p - six-headed hydra
Aim: a six-headed hydra (flame, severely wounded)
You shoot a stone.
The stone barely misses the six-headed hydra.
The six-headed hydra is engulfed in blazing flames.
The six-headed hydra bites you! x4
You die...
Kikubaaqudgha rasps: "You have failed me!
Welcome... death!"

≈≈≈..## #.#
#≈≈..≈## #.#
##≈≈.≈≈#########.#
.##≈..§≈§##......#
.####...≈§######.#
.# ##≈.§≈#
#.####### .#
##§≈.§## #.......#
.# ##≈§§§.§#
#.####### .#
#§§§§§§§# #@#
####≈≈...≈## #D#
##§≈...≈≈# #§#
#§≈)..##≈## #§#
#≈§§.###≈≈#
#○######## #§..##
##≈# #(........
#§§.##
#§≈#####'########
##≈.§##§§##(...(.#
#≈≈§≈≈§§##......#


You could see a six-headed hydra.

Vanquished Creatures
  Fannar (D:10)
  3 two-headed ogres
  Pikel (D:4)
  Joseph (D:9)
  2 gargoyles
  2 molten gargoyles (D:11)
  A troll (D:11)
  Grinder (D:4)
  Sigmund (D:4)
  10 yaks
  A wyvern (D:11)
  2 hungry ghosts
  A basilisk (D:8)
  A soldier ant (D:11)
  2 water moccasins (D:6)
  2 porcupines (D:8)
  4 orc warriors
  3 phantoms
  2 sky beasts
  3 slaves (D:4)
  An ice beast (D:9)
  A necrophage (D:9)
  7 centaurs
  3 ogres
  4 crocodiles
  3 bullfrogs
  2 wyvern zombies (D:10)
  3 scorpions
  13 killer bees
  6 wights (D:9)
  5 lava snakes (D:11)
  7 crimson imps
  A bullfrog zombie (D:5)
  A quasit (D:10)
  3 jellies
  4 hounds
  6 orc priests
  2 centaur skeletons
  15 orc wizards
  5 worker ants
  An iguana (D:9)
  A hound skeleton (D:7)
  9 adders
  A shadow imp (D:11)
  2 oozes
  An adder zombie (D:9)
  An adder skeleton (D:4)
  A worm (D:6)
  4 dart slugs
  7 leopard geckos
  63 orcs
  4 giant cockroaches
  4 goblins
  3 hobgoblins
  4 jackals (D:7)
  A quokka (D:6)
  3 ball pythons
  6 bats
  9 frilled lizards
  9 kobolds
  5 rats
275 creatures vanquished.

Vanquished Creatures (collateral kills)
  A killer bee (D:11)
1 creature vanquished.

Vanquished Creatures (others)
  A slave (D:4)
  An orc priest (D:4)
  An orc (D:4)
  A bush (D:8)
  A fungus (D:8)
  9 plants (D:8)
14 creatures vanquished.

Grand Total: 290 creatures vanquished

Notes
Turn   | Place    | Note
-------+----------+-------------------------------------------
     0 | D:1      | DildoBatman the Octopode Wizard began the quest for the
                  | Orb.
     0 | D:1      | Reached XP level 1. HP: 11/11 MP: 4/4
   154 | D:1      | Reached XP level 2. HP: 17/17 MP: 0/6
   601 | D:1      | Reached XP level 3. HP: 10/21 MP: 4/7
   606 | D:1      | Learned a level 3 spell: Conjure Flame
   610 | D:1      | Learned a level 3 spell: Mephitic Cloud
  1137 | D:2      | Found a bloodstained altar of Trog.
  1505 | D:2      | Found a radiant altar of Vehumet.
  1506 | D:2      | Found a burning altar of Makhleb.
  1670 | D:2      | Reached XP level 4. HP: 4/27 MP: 1/8
  1795 | D:3      | Found a hazy altar of Hepliaklqana.
  1876 | D:3      | Found a shattered altar of Ashenzari.
  1986 | D:3      | Reached XP level 5. HP: 14/31 MP: 3/9
  2042 | D:3      | Found a blossoming altar of Fedhas.
  2045 | D:3      | Found an iron altar of Okawaru.
  2373 | D:3      | Reached skill level 5 in Conjurations
  2674 | D:4      | Found Adgharghou's Armour Shoppe.
  2674 | D:4      | Found Vitri's General Store.
  2685 | D:4      | Bought a potion of curing for 42 gold pieces
  2767 | D:4      | Noticed Sigmund
  2874 | D:4      | Found Cimosuin's Distillery.
  2881 | D:4      | Bought a potion of degeneration for 14 gold pieces
  2881 | D:4      | Bought a potion of mutation for 112 gold pieces
  2881 | D:4      | Gained mutation: You are dopey. (Int -2) [potion of
                  | mutation]
  2881 | D:4      | Gained mutation: You have a pair of small antennae on your
                  | head. [potion of mutation]
  2881 | D:4      | Gained mutation: You have an increased reservoir of magic.
                  | (+10% MP) [potion of mutation]
  2963 | D:4      | Noticed a slave
  3126 | D:4      | Reached skill level 1 in Fire Magic
  3126 | D:4      | Reached skill level 1 in Poison Magic
  3185 | D:4      | Killed a slave
  3244 | D:4      | Reached skill level 1 in Air Magic
  3248 | D:4      | Found a shadowy altar of Dithmenos.
  3452 | D:4      | Found Ethim's Jewellery Emporium.
  3497 | D:4      | Found Tulihepi's Gadget Shoppe.
  3558 | D:4      | Noticed Grinder
  3629 | D:4      | Noticed Pikel
  3629 | D:4      | Noticed a slave
  3629 | D:4      | Noticed a slave
  3807 | D:4      | Noticed a slave
  3922 | D:5      | Entered Level 5 of the Dungeon
  4222 | D:5      | Found a white marble altar of Elyvilon.
  4315 | D:6      | Found a staircase to the Ecumenical Temple.
  4322 | Temple   | Entered the Ecumenical Temple
  4539 | Temple   | Became a worshipper of Kikubaaqudgha
  4570 | D:6      | Reached XP level 6. HP: 36/36 MP: 9/11
  4668 | D:6      | Noticed a phantom
  5124 | D:6      | Learned a level 2 spell: Blink
  5194 | D:5      | Reached XP level 7. HP: 41/41 MP: 8/12
  5449 | D:4      | Killed Pikel
  5449 | D:4      | Reached skill level 5 in Poison Magic
  5449 | D:4      | Reached XP level 8. HP: 46/46 MP: 9/13
  5497 | D:4      | Paralysed by Grinder for 7 turns
  5508 | D:4      | Killed Grinder
  5656 | D:4      | Killed Sigmund
  5656 | D:4      | Reached skill level 1 in Fighting
  5656 | D:4      | Reached skill level 1 in Polearms
  6249 | D:6      | Reached * piety under Kikubaaqudgha
  6249 | D:6      | Identified Kikubaaqudgha's Papyrus of Necromancy
                  | (Kikubaaqudgha gifted it to you on level 6 of the Dungeon)
  6249 | D:6      | Received a gift from Kikubaaqudgha
  6318 | D:6      | Found Plog's Serpentskin Sales.
  6477 | D:6      | Reached skill level 5 in Stealth
  6477 | D:6      | Reached XP level 9. HP: 36/54 MP: 4/16
  7137 | D:7      | Reached skill level 5 in Spellcasting
  7159 | D:7      | Found an ornate altar of the Wu Jian Council.
  7159 | D:7      | Found a sacrificial altar of Ru.
  7278 | D:7      | Reached skill level 1 in Evocations
  7494 | D:7      | Reached ** piety under Kikubaaqudgha
  7913 | D:4      | Bought an uncursed ring of see invisible for 150 gold
                  | pieces
  8222 | D:8      | Found a sacrificial altar of Ru.
  8299 | D:8      | Reached XP level 10. HP: 52/63 MP: 10/19
  8401 | D:8      | Reached skill level 5 in Fighting
  8445 | D:8      | Reached skill level 1 in Necromancy
  8496 | D:8      | Found a staircase to the Lair.
  9398 | D:9      | Reached *** piety under Kikubaaqudgha
  9398 | D:9      | Identified Kikubaaqudgha's Guide on Dark Rites
                  | (Kikubaaqudgha gifted it to you on level 9 of the Dungeon)
  9398 | D:9      | Received a gift from Kikubaaqudgha
  9449 | D:9      | Reached skill level 5 in Fire Magic
  9563 | D:9      | Noticed Joseph
  9901 | D:9      | Killed Joseph
 10332 | D:9      | Reached skill level 1 in Slings
 10421 | D:9      | Noticed a gargoyle
 10446 | D:9      | Killed a gargoyle
 10446 | D:9      | Reached XP level 11. HP: 52/72 MP: 16/20
 10492 | D:9      | Reached skill level 5 in Necromancy
 10583 | D:10     | Entered Level 10 of the Dungeon
 10676 | D:10     | Noticed a two-headed ogre
 10703 | D:10     | Killed a two-headed ogre
 10726 | D:10     | Reached **** piety under Kikubaaqudgha
 10873 | D:10     | Noticed a two-headed ogre
 10887 | D:10     | Killed a two-headed ogre
 11220 | D:10     | Found a staircase to the Orcish Mines.
 11223 | D:10     | Found a roughly hewn altar of Beogh.
 11326 | D:10     | Learned a level 3 spell: Ozocubu's Armour
 11334 | D:10     | Learned a level 5 spell: Borgnjor's Vile Clutch
 11460 | D:10     | Reached ***** piety under Kikubaaqudgha
 11483 | D:10     | Noticed Fannar
 11505 | D:10     | Killed Fannar
 11505 | D:10     | Reached skill level 1 in Charms
 11505 | D:10     | Reached skill level 1 in Ice Magic
 12075 | D:11     | Noticed a two-headed ogre
 12115 | D:11     | Killed a two-headed ogre
 12115 | D:11     | Reached skill level 5 in Slings
 12381 | D:11     | Reached skill level 5 in Evocations
 12589 | D:11     | Noticed a six-headed hydra
 12654 | D:11     | Noticed Nergalle
 12834 | D:11     | Mangled by a six-headed hydra

Skill      XL: |  1  2  3  4  5  6  7  8  9 10 11 |
---------------+----------------------------------+-----
Conjurations   | 2 4 5 |  5.0
Fire Magic     | 1 2 4 7 8 |  8.0
Poison Magic   | 1 3 5 6 7 8 |  8.0
Air Magic      | 1 2 4 |  4.1
Fighting       | 2 4 6 |  6.0
Polearms       | 2 |  2.2
Stealth        | 5 7 8 |  8.1
Spellcasting   | 4 5 |  5.2
Evocations     | 3 4 5 |  5.1
Necromancy     | 4 7 |  7.2
Slings         | 1 5 |  5.1
Charms         | 3 |  3.1
Ice Magic      | 3 |  3.0
Dodging        | |  2.0
Summonings     | |  1.0
Translocations | |  1.0

Action                   |  1- 3 |  4- 6 |  7- 9 | 10-12 || total
-------------------------+-------+-------+-------+-------++-------
Melee: Short sword       |     9 |    31 |       |       ||    40
       Tentacles         |     3 |     6 |    13 |    18 ||    40
       Unarmed           |     1 |       |       |       ||     1
       Constrict         |     2 |    12 |    36 |    21 ||    71
       Falchion          |       |    14 |     6 |       ||    20
       Trident           |       |       |   197 |   175 ||   372
       Dagger            |       |       |     7 |     6 ||    13
       Whip              |       |       |       |     7 ||     7
 Fire: Hunting sling     |       |       |       |   271 ||   271
Throw: Stone             |       |     1 |       |       ||     1
 Cast: Magic Dart        |    65 |    65 |    49 |    78 ||   257
       Mephitic Cloud    |     2 |    14 |    33 |    53 ||   102
       Conjure Flame     |       |     4 |    15 |    46 ||    65
       Ozocubu's Armour  |       |       |       |     2 ||     2
Evoke: Wand              |       |       |       |     8 ||     8
  Use: Scroll            |       |    10 |     2 |       ||    12
       Potion            |       |     1 |       |       ||     1
 Stab: Sleeping          |     2 |       |     1 |       ||     3
       Confused          |     1 |     3 |    10 |    10 ||    24
       Distracted        |       |       |     2 |       ||     2
       Paralysed         |       |       |     4 |       ||     4
  Eat: Chunk             |     1 |    14 |    13 |    17 ||    45
Armor: Skin              |     1 |     3 |    13 |    16 ||    33
Dodge: Dodged            |    16 |    32 |    65 |    89 ||   202
       Rpst.: Falchion   |       |     3 |       |       ||     3
